 Dungeon Crawl Stone Soup version 0.27.1-3-gb3d3a73c9e (webtiles) character file.

Game seed: 12592783053520789427

138 Elvor the Conjurer (level 5, -4/29 HPs)
             Began as a Deep Elf Conjurer on Oct 19, 2021.
             Shot with an arrow by a centaur (12 damage)
             ... while paralysed by Grinder
             ... on level 4 of the Dungeon.
             The game lasted 00:20:51 (2307 turns).

Elvor the Conjurer (Deep Elf Conjurer)              Turns: 2307, Time: 00:20:51

Health: -4/29      AC:  3    Str:  4    XL:     5   Next: 1%
Magic:  18/22      EV:  2    Int: 24    God:
Gold:   172        SH:  0    Dex: 13    Spells: 9/12 levels left

rFire    . . .     SeeInvis .   l - +2 dagger (venom)
rCold    . . .     Faith    .   (no shield)
rNeg     . . .     Spirit   .   k - +0 leather armour
rPois    .         Reflect  .   (no helmet)
rElec    .         Harm     .   (no cloak)
rCorr    .         Rampage  .   (no gloves)
Will     .....                  (no boots)
Stlth    ++........             (no amulet)
HPRegen  0.09/turn              t - ring of magical power
MPRegen  0.18/turn              (no ring)

@: paralysed, very slightly contaminated
A: no striking features
a: no special abilities


You were on level 4 of the Dungeon.
You visited 1 branch of the dungeon, and saw 4 of its levels.

You collected 172 gold pieces.

Inventory:

Hand Weapons
 b - a +0 vorpal hunting sling
 l - a +2 dagger of venom (weapon)
Missiles
 d - 121 stones
 e - 3 boomerangs
 f - 4 javelins
 r - 17 sling bullets
Armour
 k - a +0 leather armour (worn)
Jewellery
 t - a ring of magical power (left hand)
Scrolls
 a - a scroll of teleportation {unknown}
 c - 4 scrolls of identify {unknown}
 i - 2 scrolls of immolation {unknown}
 j - a scroll of enchant weapon {unknown}
 p - a scroll of blinking {unknown}
Potions
 g - 2 potions of invisibility {unknown}
 h - a potion of cancellation {unknown}
 m - a potion of curing {unknown}
 n - 2 potions of resistance {unknown}
 o - a potion of heal wounds {unknown}
 q - 2 potions of might {unknown}
 s - a potion of degeneration {unknown}


   Skills:
 * Level 1.3 Fighting
 + Level 0.2 Armour
 + Level 2.7 Dodging
 + Level 2.9 Stealth
 + Level 4.0 Spellcasting
 + Level 5.8 Conjurations


You had 9 spell levels left.
You knew the following spells:

 Your Spells              Type           Power      Damage    Failure   Level
a - Magic Dart            Conj           100%       1d8       1%          1
b - Searing Ray           Conj           64%        3d5       2%          2

Your spell library contained the following spells:

 Spells                   Type           Power      Damage    Failure   Level
 Dazzling Flash           Conj/Hex       36%        N/A       16%         3
 Fulminant Prism          Conj/Hex       9%         3d7       45%         4
 Iskenderun's Mystic Bla  Conj/Tloc      18%        2d6       45%         4


Dungeon Overview and Level Annotations

Branches:
Dungeon (3/15)

Altars:
Zin

Shops:
D:3 =   D:4 *

Annotations:
D:4 Grinder


Message History

You open the door.
There is an open door here.
You open the door.
There is an open door here.
You open the door.
There is an open door here.
You open the door.
There is an open door here.
There is an open door here.
You fall into a shaft and drop 1 floor!
The shaft crumbles and collapses.
Grinder comes into view.
Found a leather armour.
Found Molae's General Store.
A giant cockroach comes into view.
Grinder gestures at you. Pain shoots through your body!
A centaur comes into view.
A hound skeleton comes into view.
Aiming: Searing Ray (safe; 2% risk of failure)
Press: ? - help, Q - select action, (/) - cycle Shift-Dir - straight line, f - giant cockroach
Aim: a giant cockroach (81% to hit)
The searing ray hits the giant cockroach.
You kill the giant cockroach! (Press . to maintain the ray.) Restarting spell: Searing Ray (safe; 2% risk of failure)
Press: ? - help, Q - select action, (/) - cycle Shift-Dir - straight line, f - Grinder
Aim: Grinder (78% to hit)
You miscast Searing Ray.
You are very lightly contaminated with residual magic.
Nothing appears to happen.
Grinder blinks!
Found 14 gold pieces.
The centaur wields a +0 shortbow.
The centaur shoots an arrow.
The arrow hits you! Grinder gestures at you.
You suddenly lose the ability to move!
The centaur shoots an arrow.
The arrow hits you!
* * * LOW HITPOINT WARNING * * *
The centaur shoots an arrow.
The arrow hits you!
You die...

#.......#
#...$...##
#........#
#........##
#.........
#.....5.#
#.......#
###@Z.....# #
#.........# .#
#.........##.[#
#..#+#........#
#.. #..#.#...#
#..
#..#.#∩....#
#..
...##.#...###
#.c....##.#..5#
######.......#


You could see Grinder, a centaur and a hound skeleton.

Vanquished Creatures
  2 adders
  4 gnolls (D:2)
  A dart slug (D:1)
  3 worms
  4 endoplasms
  7 giant cockroaches
  6 goblins
  8 hobgoblins
  6 jackals
  10 kobolds
  2 ball pythons (D:1)
  5 bats (D:1)
  3 frilled lizards
  5 rats
66 creatures vanquished.

Vanquished Creatures (others)
  18 plants (D:2)
18 creatures vanquished.

Grand Total: 84 creatures vanquished

Notes
Turn   | Place    | Note
-------+----------+-------------------------------------------
     0 | D:1      | Elvor the Deep Elf Conjurer began the quest for the Orb.
     0 | D:1      | Reached XP level 1. HP: 10/10 MP: 6/6
   142 | D:1      | Reached XP level 2. HP: 15/15 MP: 2/8
   145 | D:1      | Learned a level 2 spell: Searing Ray
   196 | D:1      | Reached skill level 5 in Conjurations
   460 | D:1      | Reached XP level 3. HP: 20/20 MP: 6/9
  1251 | D:2      | Reached XP level 4. HP: 24/24 MP: 2/11
  1278 | D:2      | Reached skill level 1 in Fighting
  1299 | D:2      | Found a glowing silver altar of Zin.
  1845 | D:3      | Found Yfaots's Jewellery Boutique.
  2198 | D:3      | Reached XP level 5. HP: 29/29 MP: 3/13
  2296 | D:3      | You fall into a shaft and drop 1 floor!
  2296 | D:4      | Noticed Grinder
  2296 | D:4      | Found Molae's General Store.
  2299 | D:4      | Noticed a centaur
  2306 | D:4      | Paralysed by Grinder for 3 turns
  2307 | D:4      | Shot with an arrow by a centaur

Illustrated notes

Levels and vault maps discovered:
D:1:      dpeg_arrival_brainrot, layout_loops_ring, st_stairs_11
D:2:      layout_loops_cross, serial_bayou, serial_bayou_lagoon_a,
          serial_bayou_shore_b, serial_bayou_pond_c, serial_bayou_pond_a,
          basic_altar
D:3:      layout_loops_corners, lemuel_doored_altar, serial_shops, shop, shop
D:4:      layout_basic, okawaru_altar_gauntlet_db, jmf_multi_god_temple2,
          minmay_temple_entry_nine_rooms, serial_shops, shop,
          kennysheep_mini_moat, uniq_grinder, uniq_eustachio

Skill      XL: |  1  2  3  4 |
---------------+-------------+-----
Conjurations   | 5 |  5.8
Fighting       | 1 |  1.3
Spellcasting   | 4 |  4.0
Armour         | |  0.2
Dodging        | |  2.7
Stealth        | |  2.9

Action                   |  1- 3 |  4- 6 || total
-------------------------+-------+-------++-------
Melee: Unarmed           |    12 |       ||    12
       Short sword       |     9 |       ||     9
       Dagger            |     7 |    11 ||    18
 Cast: Magic Dart        |    52 |    27 ||    79
       Searing Ray       |     5 |     7 ||    12
Armor: Robe              |    13 |       ||    13
       Leather armour    |     2 |     5 ||     7
Dodge: Dodged            |    29 |     5 ||    34
